 Dungeon Crawl Stone Soup version 0.30-a0-557-ge2afbf3030 (webtiles) character file.

Game seed: 8173510777429111534

36 kae the Ruffian (level 3, -1/28 HPs)
             Began as a Draconian Transmuter on Dec 27, 2022.
             Killed from afar by Natasha (7 damage)
             ... with a magic dart
             ... on level 2 of the Dungeon.
             The game lasted 00:00:56 (797 turns).

kae the Ruffian (Draconian Transmuter)               Turns: 797, Time: 00:00:56

Health: -1/28      AC:  5    Str: 12    XL:     3   Next: 19%
Magic:  5/6        EV: 12    Int: 15    God:
Gold:   86         SH:  0    Dex: 11    Spells: 0/6 levels left

rFire   . . .      SeeInvis .    b - +3 whip (flame)
rCold   . . .      Faith    .    (no shield)
rNeg    . . .      Spirit   .    (body armour unavailable)
rPois   .          Reflect  .    (helmet restricted)
rElec   .          Harm     .    (no cloak)
rCorr   .          Rampage  .    (no gloves)
Will    .....                    (no boots)
Stlth   +                        (no amulet)
HPRegen 0.24/turn                (no ring)
MPRegen 0.10/turn                (no ring)

@: no status effects
A: AC +5, unfitting armour, cold-blooded
a: no special abilities


You were on level 2 of the Dungeon.
You visited 1 branch of the dungeon, and saw 2 of its levels.

You collected 86 gold pieces.


Innate Abilities, Weirdness & Mutations

Your plain brown scales are hard. (AC +5)
You cannot fit into any form of body armour.
You are cold-blooded and may be slowed by cold attacks.


   Skills:
 - Level 1.1 Fighting
 - Level 1.7 Dodging
 + Level 3.3 Unarmed Combat
 + Level 2.3 Spellcasting
 * Level 3.0 Transmutations


You couldn't memorise any spells.
You knew the following spells:

 Your Spells              Type           Power      Damage    Failure   Level
a - Beastly Appendage     Tmut           20%        N/A       6%          1
b - Wereblood             Tmut           10%        N/A       10%         2
c - Spider Form           Tmut/Pois      6%         N/A       34%         3

Your spell library contained the following spells:

 Spells                   Type           Power      Damage    Failure   Level
 Dazzling Flash           Conj/Hex       2%         N/A       54%         3
 Ice Form                 Ice/Tmut       6%         N/A       75%         4
 Agony                    Necr           1%         N/A       99%         5
 Silence                  Hex/Air        0%         N/A       99%         5

Inventory:

Hand Weapons
 b - a +3 whip of flaming (weapon)
   (You took it off a kobold on level 1 of the Dungeon)
Missiles
 e - 23 stones
 g - 2 poisoned darts
Jewellery
 N - a ring of positive energy
   (You found it on level 1 of the Dungeon)
Scrolls
 f - a scroll of noise {unknown}
 j - a scroll of torment {unknown}
Potions
 a - a potion of lignification {!q}
 c - a potion of curing {unknown}
 d - 2 potions of berserk rage {unknown}
 h - 2 potions of ambrosia {unknown}
 i - a potion of mutation {unknown}
 k - a potion of might {unknown}

Dungeon Overview and Level Annotations

Branches:
Dungeon (2/15) Zot: 11198

Altars:

Annotations:
D:2 Natasha

######## #..<...#
#.####@#
.######.####.#
.............#
.######.##.#.######
#.##........#
#......##.#.#
#.####h##.#.#
#......##.#.#
######..†)..#


You could see Natasha.


Message History

Casting: Beastly Appendage (safe; 6% risk of failure)
Confirm with . or Enter, or press ? or * to list all spells.
You grow a pair of large bovine horns.
Your feet morph into talons.
The bat barely misses you.
The hobgoblin hits you but does no damage.
The bat barely misses you.
The hobgoblin closely misses you. 😎 MP[-1]
You lost 1 mp, and now have 5/6 mp.
You barely miss the hobgoblin. You claw the hobgoblin.
The bat barely misses you. The hobgoblin hits you.
You barely miss the hobgoblin. You claw the hobgoblin. The bat hits you.
The bat misses you. x2; The hobgoblin misses you.
A goblin comes into view. It is wielding a +0 club.
Natasha, Servant of Life and Death comes into view.
She is carrying a wand of flame (12). 😕 HP[-5]
You take 5 damage, and now have 23/28 hp.
The bat attacks as you move away! The bat closely misses you.
The bat hits you. 😕 HP[-1]
You take 1 damage, and now have 22/28 hp. 😕 HP[+1]
Casting: Beastly Appendage (safe; 6% risk of failure)
Confirm with . or Enter, or press ? or * to list all spells.
The spell is extremely dangerous to miscast (34% risk of failure)!
Continue anyway? [Y]es or [N]o only, please.
The spell is extremely dangerous to miscast (34% risk of failure)!
Continue anyway?
Your horns disappear.
Your talons disappear.
You turn into a venomous arachnid creature.
Your +3 whip of flaming melds into your body.
Your +3 whip of flaming stops flaming.
The frilled lizard barely misses you. 😕 MP[-3]
You lost 3 mp, and now have 2/6 mp.
You hit the frilled lizard. The frilled lizard closely misses you.
You closely miss the frilled lizard. The frilled lizard bites you. 😮 HP[-3]
You take 3 damage, and now have 20/28 hp.
You barely miss the frilled lizard.
The frilled lizard completely misses you.
You hit the frilled lizard but do no damage.
The frilled lizard is poisoned.
The frilled lizard misses you. 😮 HP[+1] MP[+1]
You closely miss the frilled lizard. The frilled lizard misses you.
You barely miss the frilled lizard.
You kill the frilled lizard!
The bat misses you. The hobgoblin barely misses you.
The goblin hits you with a +0 club. The bat misses you. 😮 HP[-3]
You take 3 damage, and now have 18/28 hp.
You are too injured to fight recklessly!
You are too injured to fight recklessly!
You are too injured to fight recklessly!
You are too injured to fight recklessly!
You are too injured to fight recklessly!
You are too injured to fight recklessly!
Unknown command.
The goblin attacks as you move away! The goblin completely misses you.
The bat attacks as you move away! The bat closely misses you.
The bat completely misses you. 😮 HP[+1]
The bat misses you. The hobgoblin misses you. The bat misses you.
Your transformation has ended.
Your +3 whip of flaming unmelds from your body.
Your +3 whip of flaming bursts into flame!
You completely miss the hobgoblin.
The hobgoblin hits you but does no damage.
You hit the hobgoblin. You burn the hobgoblin.
You kill the hobgoblin!
The bat hits you but does no damage. x2 😮 HP[+1]
You closely miss the bat. You tail-slap the bat.
You kill the bat!
The goblin unwields a +0 club.
The goblin wields a +0 sling.
The goblin shoots a sling bullet.
The sling bullet hits you.
Natasha hisses angrily. 😮 HP[-3] MP[+1]
You take 3 damage, and now have 17/28 hp.
The goblin unwields a +0 sling.
The goblin wields a +0 club.
The goblin hits you but does no damage.
You see here a bat corpse.
You are too injured to fight recklessly!
You are too injured to fight recklessly!
You hit the goblin. You burn the goblin.
You kill the goblin!
Natasha zaps a wand.
The puff of flame hits you.
* * * LOW HITPOINT WARNING * * *
Your Transmutations skill increases to level 3! 😨 HP[-5]
You take 5 damage, and now have 12/28 hp.
You feel your willpower return. 😨 HP[+1] Natasha zaps a wand.
The puff of flame hits you!
* * * LOW HITPOINT WARNING * * *
😱 HP[-8] MP[+1]
You take 8 damage, and now have 5/28 hp.
MASSIVE DAMAGE!! (PAUSE) Natasha casts a spell at you.
The magic dart hits you!
You die...

Skill      XL: |  1  2  3 |
---------------+----------+-----
Transmutations | 3 |  3.0
Fighting       | |  1.1
Dodging        | |  1.7
Unarmed Combat | |  3.3
Spellcasting   | |  2.3

Action                   || total
-------------------------++-------
Melee: Whip              ||    49
       Kick              ||     7
       Unarmed           ||     7
       Headbutt          ||     1
       Tailslap          ||     5
 Cast: Beastly Appendage ||    10
       Spider Form       ||     1
  Use: Scroll            ||     2
Armor: Skin              ||    13
Dodge: Dodged            ||    57

Levels and vault maps discovered:
D:1:      onia_arrival_zoo_common, layout_loops_ring,
          ebering_ecumenical_altar_petrified
D:2:      layout_loops_cross, uniq_natasha

Notes
Turn   | Place    | Note
-------+----------+-------------------------------------------
     0 | D:1      | kae the Draconian Transmuter began the quest for the Orb.
     0 | D:1      | Reached XP level 1. HP: 16/16 MP: 3/3
     0 | D:1      | magus.rc [v1.11.3]
     6 | D:1      | Noticed a rime drake
     6 | D:1      | Noticed a swamp worm
     7 | D:1      | Noticed a redback
     7 | D:1      | Noticed a wolf
   103 | D:1      | You pick up a book of the Senses and begin reading...
   103 | D:1      | You add the spells Dazzling Flash, Agony and Silence to
                  | your library.
   118 | D:1      | Reached XP level 2. HP: 18/23 MP: 3/5
   326 | D:1      | Found a faded altar of an unknown god.
   389 | D:1      | Reached XP level 3. HP: 28/28 MP: 6/6
   392 | D:1      | Learned a level 2 spell: Wereblood
   396 | D:1      | Learned a level 3 spell: Spider Form
   770 | D:2      | Noticed Natasha
   789 | D:2      | Reached skill level 3 in Transmutations
   794 | D:2      | HP: 5/28 [Natasha/puff of flame (8)]
   797 | D:2      | Killed from afar by Natasha

Vanquished Creatures
  2 dart slugs (D:1)
  A ball python (D:1)
  4 endoplasms (D:1)
  2 giant cockroaches (D:1)
  3 goblins
  A hobgoblin (D:2)
  5 jackals (D:1)
  A quokka (D:1)
  A bat (D:2)
  4 frilled lizards
  2 kobolds (D:1)
  3 rats (D:1)
29 creatures vanquished.

Table legend:
 A = Non-vault XP
 B = Vault XP
 C = Vault XP percentage of total XP
 D = Non-vault monster count
 E = Vault monster count
 F = Vault count percentage of total count
                 A         B        C        D         E       F
            +---------+---------+-------+---------+---------+-------
      Total |      52 |       0 |   0.0 |      29 |       0 |   0.0
            +---------+---------+-------+---------+---------+-------
        D:1 |      46 |       0 |   0.0 |      25 |       0 |   0.0
        D:2 |       6 |       0 |   0.0 |       4 |       0 |   0.0
            +---------+---------+-------+---------+---------+-------

Illustrated notes

Table legend:
 A = Kills in this place as a percentage of kills in entire the game.
 B = Kills by you in this place as a percentage of kills by you in the entire game.
 C = Kills by friends in this place as a percentage of kills by friends in the entire game.
 D = Other kills in this place as a percentage of other kills in the entire game.
 E = Experience gained in this place as a percentage of experience gained in the entire game.
 F = Experience gained in this place divided by the number of levels of this place that you have seen.
                   A       B       C       D       E      F
               +-------+-------+-------+-------+-------+----------------------
         Total | 100.0 | 100.0 |   N/A |   N/A | 100.0 |  26.0
       Dungeon | 100.0 | 100.0 |   N/A |   N/A | 100.0 |  26.0
               +-------+-------+-------+-------+-------+----------------------

Table legend: (Time is in decaauts)
 A = Elapsed time spent in this place.
 B = Non-inter-level travel time spent in this place.
 C = Inter-level travel time spent in this place.
 D = Time resting spent in this place.
 E = Time spent auto-exploring this place.
 F = Levels seen in this place.
 G = Mean time per level.
                   A        B        C        D        E       F      G
               +--------+--------+--------+--------+--------+-----+--------+
         Total |    800 |    794 |      6 |      0 |    622 |   2 |  400.0 |
       Dungeon |    800 |    794 |      6 |      0 |    622 |   2 |  400.0 |
               +--------+--------+--------+--------+--------+-----+--------+

Top non-repeatable levels by time:
     D:1: 745 daAuts
     D:2: 55 daAuts
